 Dungeon Crawl Stone Soup version 0.30-a0-643-g638baaf3f0 (webtiles) character file.

Game seed: 7083164457988875930

177 tilp the Shield-Bearer (level 6, -8/52 HPs)
             Began as a Meteoran Fighter on Jan 16, 2023.
             Mangled by a gnoll
             ... wielding a +0 halberd
              (9 damage)
             ... on level 3 of the Dungeon.
             The game lasted 00:05:34 (1274 turns).

tilp the Shield-Bearer (Meteoran Fighter)           Turns: 1274, Time: 00:05:34

Health: -8/52      AC:  9    Str: 18    XL:     6   Next: 12%
Magic:  7/7        EV: 10    Int:  9    God:
Gold:   135        SH:  5    Dex: 16    Spells: 5/5 levels left

rFire   . . .      SeeInvis .    a - +0 long sword
rCold   + . .      Faith    .    c - +0 buckler
rNeg    . . .      Spirit   .    d - +0 scale mail "Wyox" {Contam rC+ rCorr Slay+2}
rPois   .          Reflect  .    q - +1 helmet
rElec   .          Harm     .    (no cloak)
rCorr   +          Rampage  .    (no gloves)
Will    .....                    (no boots)
Stlth   +                        (no amulet)
HPRegen 0.28/turn                (no ring)
MPRegen 0.10/turn                (no ring)

@: brilliant, flying, glowing
A: sense surroundings 1, otherworldly, glowing, explore regen
a: no special abilities


You were on level 3 of the Dungeon.
You visited 1 branch of the dungeon, and saw 4 of its levels.

You collected 135 gold pieces.

Inventory:

Hand Weapons
 a - a +0 long sword (weapon)
 b - a +2 dagger of venom
Missiles
 e - 21 stones (quivered)
Armour
 c - a +0 buckler (worn)
 d - the +0 scale mail "Wyox" (worn) {Contam rC+ rCorr Slay+2}
   (You found it on level 2 of the Dungeon)

   Slay:      It affects your accuracy & damage with ranged weapons and melee
   (+2).
   rC:        It protects you from cold.
   Contam:    It causes magical contamination when unequipped.
   rCorr:     It protects you from acid and corrosion.
 f - a +0 scale mail
 q - a +1 helmet (worn)
Scrolls
 g - a scroll of magic mapping {unknown}
 i - a scroll of fear {unknown}
 k - 3 scrolls of poison {unknown}
 l - a scroll of noise {unknown}
 n - a scroll of fog {unknown}
 o - 2 scrolls of identify {unknown}
Potions
 m - a potion of curing {unknown}
 p - a potion of attraction {unknown}
 r - a potion of mutation {unknown}


   Skills:
 - Level 4.0 Fighting
 + Level 3.4 Long Blades
 + Level 0.9 Throwing
 - Level 4.0 Armour
 * Level 3.4 Dodging
 + Level 1.4 Stealth
 - Level 4.0 Shields


You had 5 spell levels left.
You didn't know any spells.
Your spell library was empty.

Dungeon Overview and Level Annotations

Branches:
Dungeon (4/15) Zot: 1053
 Temple: D:4-7

Altars:
Ashenzari

Shops:
D:2 [

Annotations:
D:4 Menkaure


Innate Abilities, Weirdness & Mutations

You passively map a small area around you.
You are easily found by Zot.
You glow in the dark.
You regain HP and MP as you explore.


Message History

You feel sick.
The gnoll hits you from afar with a +0 spear.
The gnoll hits you but does no damage.
You feel sick. The gnoll barely misses you.
You feel sick.
You feel sick.
You feel sick.
You are no longer poisoned.
You aren't carrying any items that you can evoke.
The gnoll hits you with a +0 halberd!
The gnoll hits you from afar with a +0 spear.
You hit the gnoll but do no damage. You block the gnoll's attack.
The gnoll hits you with a +0 halberd.
The gnoll hits you from afar with a +0 spear.
You hit the gnoll but do no damage. The gnoll hits you but does no damage.
You hit the gnoll.
The gnoll is lightly wounded.
The gnoll hits you with a +0 halberd!
* * * LOW HITPOINT WARNING * * *
The gnoll hits you but does no damage.
You hit the gnoll but do no damage.
The gnoll is lightly wounded.
You block the gnoll's attack.
The gnoll hits you from afar with a +0 spear.
* * * LOW HITPOINT WARNING * * *
The gnoll hits you but does no damage.
You hit the gnoll but do no damage.
The gnoll is lightly wounded.
You block the gnoll's attack. The gnoll hits you but does no damage.
It was a potion of flight.
You feel very buoyant.
You fly up into the air.
The gnoll hits you with a +0 halberd!
* * * LOW HITPOINT WARNING * * *
The gnoll hits you from afar with a +0 spear.
* * * LOW HITPOINT WARNING * * *
Unknown command.
It was a potion of brilliance.
You feel clever all of a sudden. The gnoll hits you with a +0 halberd!
You die...

# .##+##. ..### ....... *
...## .......#####..# ,
.......#...#..#####
..._..w'...'......#
.......#.........# #
.......#.###.#..†### #
........#......#..g##########
#
.##+##.⌠......@###..g.......#
#* , ####..#..#g####........#
.., , .....#.##ggw##........#
...* *...###.##g............#
#. , ..# #.##...##........# ,
,.................# * ,
.............)....# *
,,.............)....#
.............######


You could see 4 gnolls and a dart slug.

Vanquished Creatures
  Natasha (twice) (D:2)
  4 gnolls (D:2)
  4 adders
  A worm (D:2)
  A dart slug (D:1)
  An orc (D:3)
  4 bats
  4 endoplasms
  2 giant cockroaches (D:1)
  3 goblins
  4 hobgoblins
  2 quokkas
  7 ball pythons
  2 frilled lizards
  6 kobolds
  5 rats
52 creatures vanquished.

Notes
Turn   | Place    | Note
-------+----------+-------------------------------------------
     0 | D:1      | tilp the Meteoran Fighter began the quest for the Orb.
     0 | D:1      | Reached XP level 1. HP: 19/19 MP: 2/2
    36 | D:2      | Found Welaom's Antique Armour Emporium.
    44 | D:2      | Reached XP level 2. HP: 25/26 MP: 3/3
   170 | D:1      | Reached skill level 1 in Dodging
   317 | D:1      | Reached XP level 3. HP: 31/31 MP: 4/4
   537 | D:2      | Noticed Natasha
   545 | D:2      | Killed Natasha
   546 | D:2      | Reached XP level 4. HP: 23/38 MP: 5/5
   591 | D:2      | You fall into a shaft and drop 1 floor!
   607 | D:3      | Reached skill level 1 in Stealth
   722 | D:2      | Noticed Natasha
   724 | D:2      | Found a faded altar of an unknown god.
   731 | D:2      | Killed Natasha
   732 | D:2      | Reached XP level 5. HP: 45/46 MP: 6/6
   996 | D:2      | Identified the +0 scale mail "Wyox" {Contam rC+ rCorr
                  | Slay+2}
  1117 | D:3      | Reached XP level 6. HP: 48/52 MP: 7/7
  1145 | D:4      | Noticed Menkaure
  1237 | D:3      | Found a broken altar of Ashenzari.
  1273 | D:3      | HP: 1/52 [gnoll/+0 spear (3)]
  1274 | D:3      | Mangled by a gnoll

Illustrated notes

Levels and vault maps discovered:
D:1:      amcnicky_arrival_gap_in_the_tavern_cellar, layout_loops_ring,
          minmay_octomino_e4
D:2:      layout_basic, serial_shops, nicolae_shop_advertising_works
          [nicolae_subvault_shop_adworks], ebering_ecumenical_altar_abandoned,
          uniq_terence, uniq_natasha
D:3:      layout_rooms, evilmike_ruin_ashenzari, eino_tiny_chamber
D:4:      layout_basic, mainiacjoe_overflow_alcove_4, uniq_pikel, uniq_grinder,
          uniq_menkaure

Skill      XL: |  1  2  3  4  5  6 |
---------------+-------------------+-----
Dodging        | 1 2 3 |  3.4
Shields        | 4 |  4.0
Armour         | 4 |  4.0
Stealth        | 1 |  1.4
Long Blades    | 3 |  3.4
Fighting       | 4 |  4.0
Throwing       | |  0.9

Action                   |  1- 3 |  4- 6 || total
-------------------------+-------+-------++-------
Melee: Long sword        |    95 |   105 ||   200
Throw: Stone             |       |     4 ||     4
  Use: Potion            |       |     3 ||     3
Armor: Scale mail        |    63 |    62 ||   125
Dodge: Dodged            |    59 |    46 ||   105
Block: Buckler           |    31 |    35 ||    66

Table legend: (Time is in decaauts)
 A = Elapsed time spent in this place.
 B = Non-inter-level travel time spent in this place.
 C = Inter-level travel time spent in this place.
 D = Time resting spent in this place.
 E = Time spent auto-exploring this place.
 F = Levels seen in this place.
 G = Mean time per level.
                   A        B        C        D        E       F      G
               +--------+--------+--------+--------+--------+-----+--------+
         Total |   1345 |   1122 |    223 |      0 |      0 |   4 |  336.2 |
       Dungeon |   1345 |   1122 |    223 |      0 |      0 |   4 |  336.2 |
               +--------+--------+--------+--------+--------+-----+--------+

Top non-repeatable levels by time:
     D:2: 713 daAuts
     D:1: 434 daAuts
     D:3: 197 daAuts
     D:4: 1 daAuts
